 Dungeon Crawl Stone Soup version 0.30-a0-377-g5cb311bc9f (webtiles) character file.

Game seed: 14982709492176148023

8520 zishaf the Party-goer (level 11, 0/60 HPs)
             Began as a Vine Stalker Brigand on Nov 30, 2022.
             Was a Believer of Uskayaw.
             Slain by a hornet (6 damage)
             ... while paralysed by a hornet
             ... on level 9 of the Dungeon.
             The game lasted 00:22:14 (7187 turns).

zishaf the Party-goer (Vine Stalker Brigand)        Turns: 7187, Time: 00:22:14

Health: 0/60       AC: 17    Str: 11    XL:     11   Next: 32%
Magic:  0/19       EV:  2    Int: 11    God:    Uskayaw [**....]
Gold:   678        SH:  0    Dex: 18    Spells: 10/10 levels left

rFire   . . .      SeeInvis .    p - +2 dagger (elec)
rCold   . . .      Faith    .    H - +2 buckler
rNeg    . . .      Spirit   +    I - +0 acid dragon scales
rPois   +          Reflect  .    z - +2 hat {Will+}
rElec   .          Harm     .    x - +2 cloak of the Big Bang {Rampage rPois Str-5}
rCorr   +          Rampage  +    o - +1 pair of gloves
Will    ++...                    (no boots)
Stlth   ++++......               (no amulet)
HPRegen 1.10/turn                E - +4 ring of protection
MPRegen 0.16/turn                G - +4 ring of evasion

@: paralysed, studying 2 skills
A: fangs 3, regeneration 1, magic shield, antimagic bite, no potion heal 2
a: Renounce Religion, Stomp, Line Pass


You were on level 9 of the Dungeon.
You worshipped Uskayaw.
Uskayaw was aware of your devotion.
You visited 2 branches of the dungeon, and saw 10 of its levels.
You also visited: Ossuary.

You collected 678 gold pieces.

Inventory:

Hand Weapons
 a - a +3 vampiric dagger
 f - a +2 short sword of venom
 k - a +0 dagger of draining
 p - a +2 dagger of electrocution (weapon)
Missiles
 d - 22 poisoned darts (quivered)
 e - 4 curare-tipped darts
 i - 3 javelins
 j - 2 boomerangs of dispersal
 t - a boomerang
 u - 2 throwing nets
 F - 4 atropa-tipped darts
Armour
 b - a +0 robe
 c - a +0 cloak
 o - a +1 pair of gloves (worn)
 s - a scarf of resistance
 v - the +0 ring mail "Ontizax" {Harm rElec Int+2}
   (You found it on level 3 of the Dungeon)

   Int:       It affects your intelligence (+2).
   rElec:     It insulates you from electricity.
   Harm:      It increases damage dealt and taken.
 x - the +2 cloak of the Big Bang (worn) {Rampage rPois Str-5}
   (You found it on level 3 of the Dungeon)

   Str:       It affects your strength (-5).
   rPois:     It protects you from poison.
   Rampage:   It bestows one free step when moving towards enemies.
 z - a +2 hat of willpower (worn)
 H - a +2 buckler (worn)
 I - +0 acid dragon scales (worn)
Jewellery
 E - a +4 ring of protection (left hand)
 G - a +4 ring of evasion (right hand)
Wands
 h - a wand of polymorph (12)
 l - a wand of digging (6)
 r - a wand of roots (11)
 y - a wand of light (13)
Scrolls
 g - 2 scrolls of teleportation
 J - 3 scrolls of magic mapping
 K - a scroll of identify
 L - a scroll of fog
 N - a scroll of enchant armour
 S - a scroll of blinking
Potions
 m - 7 potions of haste
 n - 5 potions of curing
 q - 5 potions of ambrosia
 w - 2 potions of attraction
 A - 4 potions of brilliance
 B - a potion of mutation
 C - 3 potions of berserk rage
 D - a potion of flight
 M - a potion of lignification
 O - a potion of magic


   Skills:
 + Level 8.3 Fighting
 - Level 6.0 Short Blades
 - Level 2.0 Throwing
 - Level 1.0 Dodging
 - Level 8.0 Stealth
 + Level 4.2 Shields
 * Level 10.6 Invocations
 + Level 5.0 Evocations


You had 10 spell levels left.
You didn't know any spells.
Your spell library contained the following spells:

 Spells                   Type           Power      Damage    Failure   Level
 Freeze                   Ice            0%         1d3       58%         1
 Frozen Ramparts          Ice            0%         1d1       91%         3
 Hailstorm                Conj/Ice       0%         3d3       91%         3
 Animate Dead             Necr           0%         N/A       100%        4
 Borgnjor's Vile Clutch   Necr/Erth      0%         N/A       100%        5
 Death Channel            Necr           0%         N/A       100%        6


Dungeon Overview and Level Annotations

Branches:
Dungeon (9/15)             Temple (1/1) D:5            Lair (0/5) D:8
Ossuary (visited)
    Orc: D:9-12

Altars:
Ashenzari
Cheibriados
Dithmenos
Elyvilon
Gozag
Hepliaklqana
Kikubaaqudgha
Makhleb
Nemelex Xobeh
Okawaru
Qazlal
Ru
Sif Muna
Trog
Uskayaw
Vehumet
Wu Jian
Xom
Yredelemnul
Zin
The Shining One

Shops:
D:1 !

Annotations:
D:3 3 runed translucent doors, THTSBRD's ghost, weakling GnWn


Innate Abilities, Weirdness & Mutations

You have razor-sharp teeth.
Your natural rate of healing is unusually fast.
When hurt, damage is shared between your health and your magic reserves.
Your bite disrupts and absorbs the magic of your enemies.
Potions cannot restore your health.


Message History

The gnoll misses you. You block the orc priest's attack.
The gnoll sergeant hits you from afar with a +2 vampiric spear.
The hornet stings you. The orc warrior closely misses you.
You closely miss the orc. You bite the orc.
You kill the orc!
The hornet stings you but does no damage.
You block the gnoll's attack.
The orc warrior hits you with a +0 halberd.
The gnoll sergeant hits you from afar with a +2 vampiric spear.
The orc priest barely misses you.
You hit the orc.
The orc is moderately wounded.
The hornet stings you. You block the orc's attack. The gnoll barely misses you.
The orc priest closely misses you.
The orc warrior hits you but does no damage.
You block the gnoll sergeant's attack.
You hit the orc. You bite the orc, but do no damage.
The orc is heavily wounded.
You block the hornet's attack.
You closely miss the orc. You bite the orc. You drain its power.
You feel invigorated.
The orc is severely wounded.
The hornet stings you.
You suddenly lose the ability to move!
The orc hits you but does no damage. The gnoll hits you but does no damage.
The orc priest hits you from afar with a +0 trident!
* * * LOW HITPOINT WARNING * * *
The gnoll sergeant hits you but does no damage.
The orc warrior hits you with a +0 halberd!
* * * LOW HITPOINT WARNING * * *
The hornet stings you but does no damage.
The gnoll hits you from afar with a +0 spear.
* * * LOW HITPOINT WARNING * * *
The orc hits you but does no damage.
The gnoll sergeant hits you from afar with a +2 vampiric spear.
* * * LOW HITPOINT WARNING * * *
The orc priest hits you but does no damage.
The orc warrior barely misses you. The hornet stings you.
* * * LOW HITPOINT WARNING * * *
The hornet stings you!
You die...

......###.......
....##........).........
................).......
........##..........##..
#.......##....##....##..
..............##).......
....ogg................
#...#.yo....#.....#..[.
#...#o@)#####.....#.... .
#...#.......#.....#....
..#...#.......#..........
...~~............~~~.####
...~~~~~~~~~~~~~~≈...~...
+#.~~~~.........≈~...~...
....~~~...~..∩...~~~~.~..
...~~~~~~~~....~...≈≈~.~.
...~~.≈.~~[...~≈...~~~≈..


You could see a hornet, an orc warrior, a gnoll sergeant, an orc priest, a gnoll
and an orc.

Vanquished Creatures
  A centaur warrior (D:8)
  Pikel (D:5)
  A manticore (D:8)
  A gargoyle (D:8)
  Maggie (D:9)
  A kobold demonologist (D:6)
  A tengu conjurer (D:8)
  A troll (D:8)
  A slime creature (D:7)
  2 wraiths (D:7)
  11 yaks
  An unseen horror simulacrum (D:9)
  A water moccasin (D:7)
  An orc warrior (D:9)
  4 sky beasts
  An ice beast (D:6)
  2 black bears (D:5)
  A wolf (D:9)
  An ogre (D:7)
  3 centaurs
  A lemure (D:5)
  A phantom (D:5)
  Blork the orc (D:6)
  A kobold brigand (D:8)
  2 bullfrogs
  A necrophage (D:8)
  2 gnoll sergeants (D:9)
  2 scorpions
  3 wights (D:8)
  4 water moccasin zombies (Ossuary)
  A killer bee (D:8)
  An electric eel (D:9)
  A howler monkey (D:8)
  A crimson imp (D:5)
  11 jellies
  A gnoll bouda (D:6)
  2 hounds
  4 orc priests
  Ijyb (D:2)
  2 iguanas (D:6)
  4 orc wizards
  A killer bee simulacrum (D:9)
  2 mummies (Ossuary)
  Robin (D:4)
  5 adders
  18 gnolls
  A shadow imp (D:8)
  3 white imps (D:9)
  4 ufetubi
  2 adder zombies (Ossuary)
  2 worms (D:3)
  3 dart slugs
  20 orcs
  19 endoplasms
  3 giant cockroaches
  23 goblins
  6 hobgoblins
  12 jackals
  14 kobolds
  A quokka (D:1)
  4 ball pythons
  3 bats
  A frilled lizard (D:2)
  3 gnoll zombies (Ossuary)
  6 hobgoblin zombies (Ossuary)
  7 kobold zombies (Ossuary)
  5 orc zombies (Ossuary)
  5 rats
258 creatures vanquished.

Vanquished Creatures (others)
  A wizard (D:6)
  6 fungi (D:7)
  6 plants
13 creatures vanquished.

Grand Total: 271 creatures vanquished

Notes
Turn   | Place    | Note
-------+----------+-------------------------------------------
     0 | D:1      | zishaf the Vine Stalker Brigand began the quest for the
                  | Orb.
     0 | D:1      | Reached XP level 1. HP: 11/11 MP: 2/2
    79 | D:1      | Found Dorihid's Distillery.
   105 | D:1      | Reached skill level 1 in Dodging
   105 | D:1      | Reached XP level 2. HP: 15/15 MP: 3/3
   195 | D:1      | Reached skill level 5 in Stealth
   415 | D:1      | Reached XP level 3. HP: 18/18 MP: 4/4
  1144 | D:2      | Gained mutation: Your natural rate of healing is unusually
                  | fast. [Vine Stalker growth]
  1144 | D:2      | Reached XP level 4. HP: 20/23 MP: 5/5
  1168 | D:2      | Noticed Ijyb
  1193 | D:2      | Killed Ijyb
  1508 | D:2      | Reached XP level 5. HP: 28/28 MP: 4/6
  1630 | D:3      | Found a hazy altar of Hepliaklqana.
  1655 | D:3      | Found a runed translucent gate.
  1656 | D:3      | Found a runed translucent gate.
  1657 | D:3      | Found a runed translucent gate.
  1657 | D:3      | Noticed THTSBRD's ghost (weakling GnWn)
  1789 | D:3      | Found a shimmering altar of Xom.
  1791 | D:3      | Identified the +0 ring mail "Ontizax" {Harm rElec Int+2}
  1844 | D:3      | Identified the +2 cloak of the Big Bang {Rampage rPois
                  | Str-5}
  2085 | D:4      | Noticed Robin
  2153 | D:4      | Killed Robin
  2251 | D:4      | Found a broken altar of Ashenzari.
  2256 | D:4      | Found a hide-covered altar of Uskayaw.
  2448 | D:4      | Reached XP level 6. HP: 33/33 MP: 7/7
  2576 | D:4      | Found a radiant altar of Vehumet.
  2901 | D:5      | Entered Level 5 of the Dungeon
  2989 | D:5      | Noticed a black bear
  2990 | D:5      | Found an opulent altar of Gozag.
  3002 | D:5      | Killed a black bear
  3025 | D:5      | Found a staircase to the Ecumenical Temple.
  3034 | Temple   | Entered the Ecumenical Temple
  3301 | D:4      | Became a worshipper of Uskayaw the Reveller
  3343 | D:5      | Reached * piety under Uskayaw
  3350 | D:5      | Reached ** piety under Uskayaw
  3355 | D:5      | Reached skill level 1 in Invocations
  3355 | D:5      | Reached XP level 7. HP: 30/38 MP: 5/8
  3432 | D:5      | Noticed Pikel
  3448 | D:5      | Reached *** piety under Uskayaw
  3449 | D:5      | Killed Pikel
  3449 | D:5      | Reached **** piety under Uskayaw
  3450 | D:5      | Reached skill level 5 in Fighting
  3450 | D:5      | Reached skill level 5 in Short Blades
  3450 | D:5      | Reached skill level 3 in Invocations
  3450 | D:5      | Gained mutation: You have razor-sharp teeth. [Vine Stalker
                  | growth]
  3450 | D:5      | Reached XP level 8. HP: 43/43 MP: 8/11
  3451 | D:5      | Reached skill level 4 in Invocations
  3567 | D:5      | You fall into a shaft and drop 1 floor!
  3887 | D:5      | Found a shimmering blue altar of Sif Muna.
  4164 | D:5      | Found a burning altar of Makhleb.
  4177 | D:6      | Noticed a kobold demonologist
  4196 | D:6      | Killed a kobold demonologist
  4197 | D:6      | Reached skill level 5 in Invocations
  4247 | D:6      | Reached ***** piety under Uskayaw
  4310 | D:6      | Reached skill level 6 in Invocations
  4310 | D:6      | Reached XP level 9. HP: 48/48 MP: 14/14
  4358 | D:6      | Noticed Blork the orc
  4369 | D:6      | Killed Blork the orc
  4489 | D:6      | Found a bloodstained altar of Trog.
  4490 | D:6      | Noticed a wizard
  4496 | D:6      | Killed a wizard
  4853 | D:7      | Reached skill level 1 in Evocations
  4919 | D:7      | Reached skill level 7 in Invocations
  4970 | D:7      | Found a glowing silver altar of Zin.
  5073 | D:7      | Reached skill level 8 in Invocations
  5243 | D:7      | Reached XP level 10. HP: 55/55 MP: 17/17
  5291 | D:7      | Reached skill level 1 in Shields
  5811 | D:8      | Reached skill level 9 in Invocations
  5813 | D:8      | Found a staircase to the Lair.
  5996 | D:8      | Found a sand-covered staircase.
  6018 | Ossuary  | Entered an ossuary
  6246 | D:8      | Identified a scroll of acquirement
  6246 | D:8      | Acquired a manual of Evocations
  6622 | D:8      | Noticed a manticore
  6623 | D:8      | Noticed a centaur warrior
  6623 | D:8      | Noticed a gargoyle
  6626 | D:8      | Killed a gargoyle
  6628 | D:8      | Killed a centaur warrior
  6629 | D:8      | Reached skill level 10 in Invocations
  6629 | D:8      | Reached XP level 11. HP: 60/60 MP: 19/19
  6630 | D:8      | Killed a manticore
  6818 | D:9      | Noticed Maggie
  6828 | D:9      | Killed Maggie
  7098 | D:9      | Reached skill level 5 in Evocations
  7185 | D:9      | Paralysed by a hornet for 2 turns
  7187 | D:9      | Slain by a hornet

Illustrated notes

Levels and vault maps discovered:
D:1:      ebering_trefoil_3fold, layout_basic, serial_shops,
          nicolae_shop_advertising_works [nicolae_subvault_shop_adworks]
D:2:      kennysheep_the_goblin_king, layout_rooms
D:3:      layout_rooms, mainiacjoe_overflow_concentric_impassable,
          mainiacjoe_overflow_alcove_2, gammafunk_ghost_split,
          serial_bayou_pond_e
D:4:      layout_cave_pods, nicolae_vehumet_altar_sigil,
          nicolae_overflow_squiral, nicolae_grassy_gnolls, uniq_robin
D:5:      layout_basic, makhleb_grotto_becter,
          nicolae_gozag_cash_rules_everything_around_me, marbit_many_paths,
          minmay_temple_entry_junction, uniq_pikel
D:6:      layout_rooms, trog_wizard, uniq_blork_the_orc
D:7:      lemuel_slime, layout_basic, zin_scriptorium, minmay_manual_mares
D:8:      layout_cave_pods, lair_entry_dummy, nicolae_ossuary_entry_ruins,
          minmay_shattered_shrine
D:9:      layout_grid_maze, fedhas_bush_and_centaur_altar, erik_orc_4,
          serial_ice, serial_ice_n, serial_ice_j, serial_ice_e, serial_ice_b,
          serial_ice_o, serial_ice_f, serial_ice_g, serial_ice_c, serial_ice_a,
          serial_ice_m, minmay_misc_feat_rugged, uniq_maggie, uniq_harold,
          uniq_psyche
Temple:   chequers_temple_sunken

Skill      XL: |  1  2  3  4  5  6  7  8  9 10 11 |
---------------+----------------------------------+-----
Dodging        | 1 |  1.0
Stealth        | 5 6 8 |  8.0
Fighting       | 2 3 4 5 6 7 8 |  8.3
Short Blades   | 2 3 4 5 6 |  6.0
Throwing       | 2 |  2.0
Invocations    | 1 3 6 8 10 | 10.6
Evocations     | 2 4 5 |  5.0
Shields        | 3 4 |  4.2

Action                   |  1- 3 |  4- 6 |  7- 9 | 10-12 || total
-------------------------+-------+-------+-------+-------++-------
Melee: Dagger            |    73 |   202 |   152 |   315 ||   742
       Bite              |    18 |    59 |    40 |   115 ||   232
       Punch             |     1 |     3 |       |       ||     4
Throw: Dart              |     7 |    17 |       |     5 ||    29
  Use: Scroll            |       |     9 |     7 |    11 ||    27
 Stab: Sleeping          |    10 |     5 |    10 |    27 ||    52
       Paralysed         |       |       |    12 |    15 ||    27
       Distracted        |       |       |       |     2 ||     2
       Invisible         |       |       |       |     2 ||     2
Armor: Robe              |    14 |    59 |    58 |    26 ||   157
       Acid dragon scale |       |       |       |    45 ||    45
Dodge: Dodged            |    30 |   105 |    84 |   131 ||   350
Block: Buckler           |       |       |     3 |    86 ||    89

Table legend: (Time is in decaauts)
 A = Elapsed time spent in this place.
 B = Non-inter-level travel time spent in this place.
 C = Inter-level travel time spent in this place.
 D = Time resting spent in this place.
 E = Time spent auto-exploring this place.
 F = Levels seen in this place.
 G = Mean time per level.
                   A        B        C        D        E       F      G
               +--------+--------+--------+--------+--------+-----+--------+
         Total |   7090 |   6684 |    406 |     21 |   4814 |  11 |  644.5 |
       Dungeon |   6718 |   6327 |    391 |     21 |   4584 |   9 |  746.4 |
        Temple |    250 |    235 |     15 |      0 |    230 |   1 |  250.0 |
       Ossuary |    121 |    121 |      0 |      0 |      0 |   1 |  121.0 |
               +--------+--------+--------+--------+--------+-----+--------+

Top non-repeatable levels by time:
     D:7: 998 daAuts
     D:1: 978 daAuts
     D:8: 912 daAuts
     D:4: 903 daAuts
     D:5: 894 daAuts
     D:2: 591 daAuts
     D:6: 548 daAuts
     D:3: 535 daAuts
     D:9: 356 daAuts
  Temple: 250 daAuts
 Ossuary: 121 daAuts
